 Dungeon Crawl Stone Soup version 0.31-a0-174-g85c54bcb58 (webtiles) character file.

Game seed: 14979569375072636139

248 qw the Shooter (level 6, -4/38 HPs)
             Began as a Gargoyle Hunter on June 15, 2023.
             Slain by a goblin
             ... wielding a +0 club
             ... led by Robin
              (6 damage)
             ... on level 3 of the Dungeon.
             The game lasted 00:00:42 (1262 turns).

qw the Shooter (Gargoyle Hunter)                    Turns: 1262, Time: 00:00:42

Health: -4/38      AC:  9    Str: 15    XL:     6   Next: 12%
Magic:  6/6        EV: 11    Int:  9    God:
Gold:   119        SH:  0    Dex: 15    Spells: 5/5 levels left

rFire   . . .        Y - +1 shortbow (freeze)
rCold   . . .        (shield currently unavailable)
rNeg    + . .        d - +0 ring mail
rPois   inf          (no helmet)
rElec   +            (no cloak)
rCorr   .            (no gloves)
SInv    .            (no boots)
Will    .....        (no amulet)
Stlth   +            (no ring)
HPRegen 0.26/turn    (no ring)
MPRegen 0.10/turn

%: no passive effects
@: no status effects
A: sickness immunity, AC +4, negative energy resistance 1, electricity
resistance, torment resistance 1, petrification resistance
a: no special abilities


You were on level 3 of the Dungeon.
You visited 1 branch of the dungeon, and saw 3 of its levels.

You collected 119 gold pieces.


Innate Abilities, Weirdness & Mutations

You are immune to sickness and miasma.
Your stone body is resilient. (AC +4)
You are immune to poison.
You resist negative energy. (rN+)
You are resistant to electric shocks. (rElec)
You are resistant to unholy torment.
You are immune to petrification.


   Skills:
 - Level 4.0 Fighting
 + Level 6.3 Ranged Weapons
 - Level 1.2 Armour
 - Level 1.5 Dodging
 - Level 1.1 Stealth


You had 5 spell levels left.
You didn't know any spells.
Your spell library was empty.

Inventory:

Hand Weapons
 Y - a +1 shortbow of freezing (weapon)
Armour
 d - a +0 ring mail (worn)
Scrolls
 h - a scroll of identify
Potions
 e - a potion of brilliance {unknown}

Dungeon Overview and Level Annotations

Branches:
Dungeon (3/15)

Altars:
Ashenzari
Sif Muna

Annotations:
D:3 Robin


Message History

A goblin comes into view. It is wielding a +0 club.
You shoot an arrow. The arrow closely misses the orc.
Robin barely misses you. The goblin hits you but does no damage.
The orc hits you but does no damage. The goblin hits you with a +0 dagger.
The goblin hits you with a +0 club. The orc hits you but does no damage.
1257 ||| DRINKING potion of heal wounds.
You feel much better. The goblin barely misses you.
The goblin hits you with a +0 club. The orc hits you with a +0 club.
The goblin closely misses you. The orc closely misses you.
Robin barely misses you.
You shoot an arrow. The arrow closely misses the orc.
You hear an angry hiss.
The goblin barely misses you. The orc hits you but does no damage.
The orc barely misses you. The goblin barely misses you.
The goblin hits you but does no damage. Robin hits you but does no damage.
You shoot an arrow. The arrow hits the orc.
The arrow freezes the orc.
The orc is almost dead.
You hear an angry hiss.
The orc barely misses you. The goblin hits you with a +0 club.
The orc hits you but does no damage.
The goblin hits you but does no damage. x2
You shoot an arrow. The arrow hits the orc.
The arrow freezes the orc.
You kill the orc!
You hear an angry hiss.
The goblin hits you but does no damage. x3
The orc priest casts a cantrip, but nothing happens.
The orc hits you but does no damage.
Robin hits you from afar with a +1 heavy spear.
The goblin hits you with a +0 club. The goblin hits you with a +0 dagger.
The goblin hits you with a +0 club. The orc barely misses you.
You shoot an arrow. The arrow hits the goblin.
The arrow freezes the goblin.
You kill the goblin!
The goblin no longer looks unusually strong.
Robin says, "My army is invincible!"
Robin hits you from afar with a +1 heavy spear.
The goblin hits you with a +0 club. The goblin hits you with a +0 dagger.
A goblin comes into view. It is wielding a +0 club.
The orc hits you but does no damage.
You shoot an arrow. The arrow closely misses the goblin.
The orc hits you with a +0 club. The goblin hits you with a +0 club.
You die...

##########.##
#..## ##..# .
######>###### ..
#........)..# ..
#....)))....# .7
#.....).....# ..7
#.........o)#gg.7
#........g@)goS.7
#........g))#o..7
#...........# ..7
#...........# .7
#...........# .o
...........# o.
..........# .
$........#


You could see Robin, an orc priest, 2 orcs, a hobgoblin (strong), 3 goblins and
a ball python.

Vanquished Creatures
  A scorpion (D:3)
  Natasha (thrice) (D:2)
  4 adders (D:2)
  A dart slug (D:2)
  9 orcs (D:3)
  3 ball pythons
  5 endoplasms
  2 giant cockroaches (D:2)
  7 goblins
  9 hobgoblins
  2 kobolds
  A quokka (D:2)
  3 bats
  7 frilled lizards
  3 rats
60 creatures vanquished.

Notes
Turn   | Place    | Note
-------+----------+-------------------------------------------
     0 | D:1      | qw the Gargoyle Hunter began the quest for the Orb.
     0 | D:1      | Reached XP level 1. HP: 12/12 MP: 1/1
     0 | D:1      | 0 ||| qw: Version: 0.2-a-29-g511e9b1
     0 | D:1      | 0 ||| qw: Game counter: 5550
     0 | D:1      | 0 ||| qw: Always use a shield: true
     0 | D:1      | 0 ||| qw: God list: Okawaru
     0 | D:1      | 0 ||| qw: Allow faded altars: false
     0 | D:1      | 0 ||| qw: Do Orc after D:15 true
     0 | D:1      | 0 ||| qw: Do second Lair branch before Depths: true
     0 | D:1      | 0 ||| qw: Lair rune preference: random
     0 | D:1      | 0 ||| qw: Plans: Normal, Zot:1-4, Slime:5, God:TSO, Crypt,
                  | Tomb, Abyss, Pan, Hells, Win
     0 | D:1      | 0 ||| PLANNING D:1-11
   137 | D:1      | Reached XP level 2. HP: 17/17 MP: 2/2
   151 | D:1      | Found a faded altar of an unknown god.
   504 | D:1      | 504 ||| READING scroll labelled LOEPPE ZOTRUOH.
   505 | D:1      | 505 ||| READING scroll labelled EMOLIT YTTI.
   506 | D:1      | 506 ||| READING 2 scrolls labelled QELIET ZIN VIDGH.
   507 | D:1      | 507 ||| READING scroll labelled TAUZUCHE FAZXI.
   508 | D:1      | 508 ||| READING scroll labelled MELYNA UCAAZA.
   509 | D:1      | 509 ||| READING scroll labelled LIEKAXU GIECAIJIR.
   510 | D:1      | 510 ||| DROPPING scroll of butterflies.
   511 | D:1      | 511 ||| DROPPING scroll of fog.
   583 | D:2      | Reached XP level 3. HP: 21/21 MP: 3/3
   640 | D:2      | Reached skill level 5 in Ranged Weapons
   761 | D:2      | Noticed Natasha
   766 | D:2      | Killed Natasha
   767 | D:2      | Reached skill level 3 in Fighting
   767 | D:2      | Reached XP level 4. HP: 28/28 MP: 4/4
   782 | D:2      | Found a broken altar of Ashenzari.
   988 | D:2      | Noticed Natasha
   995 | D:2      | Killed Natasha
   996 | D:2      | Reached XP level 5. HP: 24/32 MP: 5/5
  1067 | D:2      | 1067 ||| UPGRADING to +0 ring mail.
  1077 | D:2      | 1077 ||| DROPPING +0 leather armour.
  1078 | D:2      | 1078 ||| READING scroll labelled JUTTIS VOTREESK.
  1081 | D:2      | 1081 ||| READING scroll labelled JOENOD HAWOH.
  1082 | D:2      | 1082 ||| READING 2 scrolls labelled AMIMOO WIMEOSE.
  1083 | D:2      | 1083 ||| READING scroll labelled BIMURR YRAT.
  1084 | D:2      | 1084 ||| DRINKING 2 fuming purple potions.
  1085 | D:2      | 1085 ||| DROPPING scroll of vulnerability.
  1098 | D:2      | Noticed Natasha
  1104 | D:2      | Killed Natasha
  1105 | D:2      | Reached skill level 1 in Armour
  1119 | D:3      | Found a shimmering blue altar of Sif Muna.
  1145 | D:3      | Reached skill level 6 in Ranged Weapons
  1213 | D:3      | Reached XP level 6. HP: 31/38 MP: 6/6
  1244 | D:3      | Noticed Robin
  1246 | D:3      | 1246 ||| Stepping ~*~*~tactically~*~*~ (outnumbered).
  1256 | D:3      | HP: 7/38 [goblin/+0 club[Robin] (3)]
  1257 | D:3      | 1257 ||| DRINKING potion of heal wounds.
  1261 | D:3      | HP: 6/38 [goblin/+0 club[Robin] (5)]
  1262 | D:3      | HP: 2/38 [orc/+0 club (3)]
  1262 | D:3      | Slain by a goblin

Levels and vault maps discovered:
D:1:      dpeg_arrival_tiny_j, layout_basic, chequers_ecumenical_altar_grove
D:2:      layout_basic, minmay_misc_feat_hallway, minmay_hexomino_r4,
          uniq_natasha
D:3:      layout_basic, mainiacjoe_overflow_boulevard, kennysheep_path_1,
          uniq_robin, uniq_sigmund

Skill      XL: |  1  2  3  4  5  6 |
---------------+-------------------+-----
Ranged Weapons | 5 6 |  6.3
Fighting       | 3 4 |  4.0
Armour         | 1 |  1.2
Dodging        | |  1.5
Stealth        | |  1.1

Action                     |  1- 3 |  4- 6 || total
---------------------------+-------+-------++-------
   Fire: Shortbow          |    73 |    81 ||   154
    Use: Scroll            |     6 |     4 ||    10
         Potion            |       |     2 ||     2
 Armour: Leather armour    |     4 |     2 ||     6
         Ring mail         |       |    47 ||    47
  Dodge: Dodged            |     7 |    46 ||    53

Table legend:
 A = Non-vault XP
 B = Vault XP
 C = Vault XP percentage of total XP
 D = Non-vault monster count
 E = Vault monster count
 F = Vault count percentage of total count
                 A         B        C        D         E       F
            +---------+---------+-------+---------+---------+-------
      Total |     299 |      56 |  15.8 |      48 |      12 |  20.0
            +---------+---------+-------+---------+---------+-------
        D:1 |      29 |       0 |   0.0 |      17 |       0 |   0.0
        D:2 |     143 |      42 |  22.7 |      17 |       5 |  22.7
        D:3 |     127 |      14 |   9.9 |      14 |       7 |  33.3
            +---------+---------+-------+---------+---------+-------
